 Dungeon Crawl Stone Soup version 0.27.1-33-g824d729ab1 (webtiles) character file.

Game seed: 14408985930683157182

179 jlumianski the Stinger (level 5, 0/24 HPs)
             Began as a Spriggan Venom Mage on Dec 26, 2021.
             Killed from afar by Ijyb (7 damage)
             ... with a puff of flame
             ... on level 3 of the Dungeon.
             The game lasted 00:13:25 (2381 turns).

jlumianski the Stinger (Spriggan Venom Mage)        Turns: 2381, Time: 00:13:29

Health: 0/24       AC:  3    Str:  4    XL:     5   Next: 33%
Magic:  9/11       EV: 17    Int: 17    God:
Gold:   95         SH:  0    Dex: 16    Spells: 9/11 levels left

rFire    . . .     SeeInvis +   k - +0 short sword (vorpal)
rCold    . . .     Faith    .   (shield restricted)
rNeg     . . .     Spirit   .   a - +1 robe
rPois    .         Reflect  .   (helmet restricted)
rElec    .         Harm     .   (no cloak)
rCorr    .         Rampage  .   (gloves unavailable)
Will     .....                  (boots unavailable)
Stlth    +++.......             (no amulet)
HPRegen  0.08/turn              (no ring)
MPRegen  0.12/turn              (no ring)

@: very slightly contaminated, very quick
A: very small, no large weapons, unfitting armour, see invisible, speed 3
a: no special abilities


You were on level 3 of the Dungeon.
You visited 1 branch of the dungeon, and saw 3 of its levels.

You collected 95 gold pieces.

Inventory:

Hand Weapons
 e - a +0 dagger
 g - a +0 spear
 h - a +0 whip
 k - a +0 vorpal short sword (weapon)
Missiles
 b - 24 arrows
 c - 81 stones
 d - 7 poisoned darts (quivered)
Armour
 a - a +1 robe (worn)
 i - a +0 helmet
Scrolls
 f - 2 scrolls of vulnerability


   Skills:
 + Level 0.3 Fighting
 + Level 0.7 Short Blades
 + Level 0.9 Throwing
 + Level 2.8 Dodging
 + Level 4.0 Stealth
 + Level 3.8 Spellcasting
 + Level 0.1 Summonings
 + Level 3.0 Transmutations
 + Level 4.4 Poison Magic


You had 9 spell levels left.
You knew the following spells:

 Your Spells              Type           Power      Damage    Failure   Level
a - Sting                 Tmut/Pois      60%        1d6       3%          1
b - Summon Small Mammal   Summ           12%        N/A       16%         1

Your spell library contained the following spells:

 Spells                   Type           Power      Damage    Failure   Level
 Poisonous Vapours        Pois/Air       20%        N/A       10%         2
 Mephitic Cloud           Conj/Pois/Air  8%         N/A       26%         3
 Olgreb's Toxic Radiance  Pois           18%        N/A       26%         4


Dungeon Overview and Level Annotations

Branches:
Dungeon (3/15)

Altars:

Annotations:
D:2 Sigmund
D:3 Ijyb


Innate Abilities, Weirdness & Mutations

You are very small and have problems with some larger weapons.
You are too small for most types of armour.
You have supernaturally acute eyesight. (SInv)
You cover ground extremely quickly. (Speed+++)


Message History

You hit the goblin.
You kill the goblin!
Things that are here:
a +0 dagger; a goblin corpse You swap places.
You open the door.
An endoplasm comes into view.
Found a stone staircase leading up.
Ijyb the Twisted Goblin comes into view.
She is wielding a +0 club and carrying a wand of flame (13).
The helpless Ijyb fails to defend herself.
You puncture Ijyb!
Ijyb is heavily wounded.
Ijyb hits you with a +0 club.
You hit Ijyb but do no damage.
Ijyb is heavily wounded.
Ijyb hits you with a +0 club. Ijyb misses you.
You hit Ijyb.
Ijyb is severely wounded.
Ijyb zaps a wand.
The puff of flame hits you.
You hit Ijyb but do no damage.
Ijyb is severely wounded.
Ijyb hits you with a +0 club.
Casting: Summon Small Mammal (safe; 16% risk of failure)
Confirm with . or Enter, or press ? or * to list all spells.
Aiming: Sting (safe; 3% risk of failure)
Press: ? - help, Shift-Dir - straight line, f - Ijyb
Aim: Ijyb, wielding a +0 club, wearing a +0 leather armour and carrying a wand of flame (12) (severely wounded, 67% to hit)
You miscast Sting.
You are very lightly contaminated with residual magic.
Nothing appears to happen.
Ijyb zaps a wand.
The puff of flame hits you!
* * * LOW HITPOINT WARNING * * *
Casting: Sting (safe; 3% risk of failure)
Confirm with . or Enter, or press ? or * to list all spells.
Aiming: Sting (safe; 3% risk of failure)
Press: ? - help, Shift-Dir - straight line, f/p - Ijyb
Aim: Ijyb, wielding a +0 club, wearing a +0 leather armour and carrying a wand of flame (11) (severely wounded, 67% to hit)
The sting hits Ijyb but does no damage.
Ijyb is poisoned.
Ijyb is severely wounded.
Ijyb zaps a wand.
The puff of flame hits you!
You die...

########## #...^....#
#.######.# ### #.######.#
..# # .....<##.# #.# .
#.###.##.# #.# #.###.##.#
###.######.
#........#.###<..g......
#####.####......@# #.#
#####.### #.# #.###### +#
#.# #......# ... ####)#
######.# .... ##....#
##.##.# .....
#...###########...#.##......
##
.....................'......
+.
#...###########...#.##J.....
##


You could see Ijyb (poisoned).

Vanquished Creatures
  Purgy (D:2)
  6 adders
  A worm (D:2)
  An orc (D:3)
  2 ball pythons
  2 endoplasms
  4 goblins
  2 hobgoblins
  2 quokkas
  2 bats (D:2)
  A frilled lizard (D:2)
  2 kobolds (D:1)
  A rat (D:1)
27 creatures vanquished.

Vanquished Creatures (others)
  A plant (D:1)
1 creature vanquished.

Grand Total: 28 creatures vanquished

Notes
Turn   | Place    | Note
-------+----------+-------------------------------------------
     0 | D:1      | jlumianski the Spriggan Venom Mage began the quest for the
                  | Orb.
     0 | D:1      | Reached XP level 1. HP: 9/9 MP: 5/5
   344 | D:1      | Found a faded altar of an unknown god.
   355 | D:1      | Got Plato's Incunabulum of the Entourage
   776 | D:1      | Reached XP level 2. HP: 11/13 MP: 3/6
  1099 | D:2      | Reached XP level 3. HP: 16/16 MP: 5/8
  1573 | D:2      | Noticed Sigmund
  1785 | D:2      | Reached XP level 4. HP: 21/21 MP: 6/9
  1951 | D:3      | Learned a level 1 spell: Summon Small Mammal
  1958 | D:3      | Noticed Purgy
  2044 | D:2      | Killed Purgy
  2045 | D:2      | Reached XP level 5. HP: 24/24 MP: 5/11
  2372 | D:3      | Noticed Ijyb
  2381 | D:3      | Killed from afar by Ijyb

Illustrated notes

Levels and vault maps discovered:
D:1:      dpeg_arrival_rhombus, layout_basic,
          shapermc_ecumenical_altar_rom_forum
D:2:      layout_loops_cross, uniq_sigmund
D:3:      layout_loops_corners, serial_shops, nicolae_shop_behind_doors,
          kennysheep_generic_room_15, uniq_ijyb, uniq_natasha, uniq_purgy

Skill      XL: |  1  2  3  4 |
---------------+-------------+-----
Spellcasting   | 3 |  3.8
Poison Magic   | 4 |  4.4
Transmutations | 2 3 |  3.0
Stealth        | 4 |  4.0
Fighting       | |  0.3
Short Blades   | |  0.7
Throwing       | |  0.9
Dodging        | |  2.8
Summonings     | |  0.1

Action                   |  1- 3 |  4- 6 || total
-------------------------+-------+-------++-------
Melee: Dagger            |     8 |       ||     8
       Short sword       |    26 |     9 ||    35
Throw: Dart              |    10 |     7 ||    17
 Cast: Sting             |    27 |     8 ||    35
       Summon Small Mamm |       |     3 ||     3
  Use: Scroll            |     7 |       ||     7
 Stab: Sleeping          |     3 |     4 ||     7
Armor: Robe              |     7 |     1 ||     8
Dodge: Dodged            |    27 |     3 ||    30
